 Dungeon Crawl Stone Soup version 0.27-a0-860-gaf99fae3ca (webtiles) character file.

Game seed: 9924791990066372199

247 jasper the Sneak (level 5, 0/42 HPs)
             Began as a Demonspawn Delver on Apr 1, 2021.
             Slain by a jelly (1 damage)
             ... on level 5 of the Dungeon.
             The game lasted 00:05:09 (3756 turns).

jasper the Sneak (Demonspawn Delver)                Turns: 3756, Time: 00:05:11

Health: 0/42       AC: -7    Str: 14    XL:     5   Next: 85%
Magic:  5/5        EV: 12    Int: 11    God:
Gold:   135        SH:  0    Dex: 14    Spells: 4/4 levels left

rFire    + . .     SeeInvis .   j - +1 long sword (vorpal)
rCold    . . .     Faith    .   (no shield)
rNeg     . . .     Spirit   .   b - +1 leather armour
rPois    .         Reflect  .   (helmet restricted)
rElec    .         Harm     .   (no cloak)
rCorr    .         Rampage  .   (no gloves)
Will     .....                  (no boots)
Stlth    ++........             (no amulet)
HPRegen  0.14/turn              k - ring of protection from fire
MPRegen  0.09/turn              (no ring)

@: corroded
A: antennae 1, talons 1
a: no special abilities


You were on level 5 of the Dungeon.
You visited 1 branch of the dungeon, and saw 6 of its levels.

You collected 135 gold pieces.

Inventory:

Hand Weapons
 a - a +0 falchion
 j - a +1 vorpal long sword (weapon)
Armour
 b - a +1 leather armour (worn)
Jewellery
 f - a ring of flight
 k - a ring of protection from fire (left hand)
Wands
 g - a wand of digging (3)
Scrolls
 c - a scroll of fog
 d - 2 scrolls of magic mapping
 e - a scroll of fear
 m - a scroll of amnesia
Potions
 i - a potion of mutation
 n - 2 potions of curing {unknown}


   Skills:
 + Level 3.9 Fighting
 - Level 2.4 Long Blades
 + Level 2.1 Armour
 + Level 2.9 Dodging
 - Level 4.5 Stealth
 * Level 2.6 Unarmed Combat


You had 4 spell levels left.
You didn't know any spells.
Your spell library contained the following spells:

 Spells                   Type           Power      Damage    Failure   Level
 Animate Skeleton         Necr           0%         N/A       41%         1
 Apportation              Tloc           0%         N/A       41%         1
 Corona                   Hex            0%         N/A       41%         1
 Shock                    Conj/Air       0%         1d3       41%         1
 Summon Small Mammal      Summ           0%         N/A       41%         1
 Swiftness                Air            0%         N/A       54%         2
 Static Discharge         Conj/Air       0%         N/A       78%         3
 Airstrike                Air            0%         N/A       99%         4
 Lightning Bolt           Conj/Air       0%         1d11      100%        5


Dungeon Overview and Level Annotations

Branches:
Dungeon (6/15)
 Temple: D:4-7

Altars:
Gozag


Innate Abilities, Weirdness & Mutations

You have a pair of small antennae on your head.
You have sharp toenails.


Message History

The worm is moderately wounded.
The worm closely misses you.
You riposte.
You hit the worm.
The worm is moderately wounded.
You hit the worm. Your kick misses the worm.
The worm is heavily wounded.
The worm closely misses you.
You hit the worm. You claw the worm.
The worm is almost dead.
You hit the worm.
You kill the worm!
Your leather armour prevents you from hitting the jelly.
The jelly quivers.
You claw the jelly.
The jelly is lightly wounded.
The jelly misses you.
You slash the jelly!
Your hands burn!
The jelly is moderately wounded.
The jelly hits you. The acid corrodes you!
You are splashed with acid!
You take 15 damage, and have 27/42 hp.
MASSIVE DAMAGE!!
You hit the jelly.
Your hands burn!
Your kick misses the jelly.
The jelly is moderately wounded.
The jelly hits you. The acid corrodes you!
You are splashed with acid!
The jelly hits you.
* * * LOW HITPOINT WARNING * * *
The acid corrodes you!
You are splashed with acid.
* * * LOW HITPOINT WARNING * * *
You take 22 damage, and have 5/42 hp.
MASSIVE DAMAGE!!
Your leather armour prevents you from hitting the jelly.
You claw the jelly, but do no damage.
The jelly is moderately wounded.
The jelly barely misses you.
You riposte.
Your leather armour prevents you from hitting the jelly.
You claw the jelly, but do no damage.
The jelly is moderately wounded.
You hit the jelly.
Your hands burn!
* * * LOW HITPOINT WARNING * * *
You claw the jelly, but do no damage.
The jelly is heavily wounded.
The jelly hits you.
You die...

.. #...# #)##.#
#.#'######.##.#
#..........##.#
##+#.[........##.#
#..?..........##.#
+.............##.#
#................#
#....#..#####.##########
#.........J@...........#
#....#...##.......####.#
#....#.#.##..........#.#
#....#w#..#......[##.#.#
##+#)#.#..#.......# #.#
#.#.#..........# #.#
#.#{#.#........# #.#####
#.#{#.#.......... #......
#...#.#.#.......###..####


You could see a jelly.

Vanquished Creatures
  An ice beast (D:5)
  A howler monkey (D:6)
  A hound (D:5)
  A hound zombie (D:5)
  2 worms
  A dart slug (D:1)
  3 orcs (D:5)
  3 endoplasms
  5 giant cockroaches
  7 goblins
  3 hobgoblins (D:1)
  6 jackals
  5 kobolds
  3 quokkas
  7 bats
  6 frilled lizards
  9 rats
64 creatures vanquished.

Notes
Turn   | Place    | Note
-------+----------+-------------------------------------------
     0 | D:5      | jasper the Demonspawn Delver began the quest for the Orb.
     0 | D:5      | Reached XP level 1. HP: 18/18 MP: 1/1
    14 | D:5      | Noticed a hound
    14 | D:5      | Noticed an ogre
    32 | D:5      | Killed a hound
    33 | D:5      | Gained mutation: You have a pair of small antennae on your
                  | head. [demonic ancestry]
    33 | D:5      | Reached XP level 2. HP: 8/24 MP: 2/2
    33 | D:5      | Reached XP level 3. HP: 9/29 MP: 3/3
    99 | D:5      | Reached skill level 1 in Armour
   393 | D:5      | Noticed an ice beast
   940 | D:1      | Reached skill level 1 in Unarmed Combat
  1013 | D:1      | Reached XP level 4. HP: 35/35 MP: 4/4
  1734 | D:1      | Found a faded altar of an unknown god.
  3327 | D:3      | You fall into a shaft and drop 3 floors!
  3380 | D:6      | Found an opulent altar of Gozag.
  3447 | D:6      | Gained mutation: You have sharp toenails. [demonic
                  | ancestry]
  3447 | D:6      | Reached XP level 5. HP: 35/42 MP: 5/5
  3547 | D:6      | Noticed a centaur
  3590 | D:5      | Killed an ice beast
  3756 | D:5      | HP: 1/42 [acid (4)]
  3756 | D:5      | Slain by a jelly

Illustrated notes

Levels and vault maps discovered:
D:1:      kilobyte_arrival_exit_the_forest, layout_basic, basic_ecumenical_altar
D:2:      layout_loops_corners
D:3:      layout_basic
D:4:      layout_rooms, kennysheep_mini_moat, serial_shops, shop, shop
D:5:      layout_basic, ebering_ghost_reflecting_pool, uniq_grinder
D:6:      layout_basic, grunt_gozag_breadcrumbs

Skill      XL: |  1  2  3  4  5 |
---------------+----------------+-----
Long Blades    | 2 |  2.4
Dodging        | 2 |  2.9
Armour         | 1 2 |  2.1
Unarmed Combat | 1 2 |  2.6
Fighting       | |  3.9
Stealth        | |  4.5

Action                   |  1- 3 |  4- 6 || total
-------------------------+-------+-------++-------
Melee: Falchion          |    14 |       ||    14
       Long sword        |    14 |   121 ||   135
       Kick              |       |     8 ||     8
Throw: Dart              |    12 |    22 ||    34
       Boomerang         |    13 |    11 ||    24
  Use: Potion            |     1 |     1 ||     2
       Scroll            |       |     5 ||     5
 Stab: Sleeping          |     1 |       ||     1
Armor: Leather armour    |     4 |    25 ||    29
       Skin              |       |     8 ||     8
Dodge: Dodged            |    20 |    71 ||    91
       Rpst.: Falchion   |     5 |       ||     5
       Long sword        |       |    22 ||    22

Table legend: (Time is in decaauts)
 A = Elapsed time spent in this place.
 B = Non-inter-level travel time spent in this place.
 C = Inter-level travel time spent in this place.
 D = Time resting spent in this place.
 E = Time spent auto-exploring this place.
 F = Levels seen in this place.
 G = Mean time per level.
                   A        B        C        D        E       F      G
               +--------+--------+--------+--------+--------+-----+--------+
         Total |   3799 |   3751 |     48 |    833 |   2211 |   6 |  633.2 |
       Dungeon |   3799 |   3751 |     48 |    833 |   2211 |   6 |  633.2 |
               +--------+--------+--------+--------+--------+-----+--------+

Top non-repeatable levels by time:
     D:1: 1509 daAuts
     D:2: 1003 daAuts
     D:5: 646 daAuts
     D:4: 249 daAuts
     D:6: 225 daAuts
     D:3: 166 daAuts
